 Dungeon Crawl Stone Soup version 0.28.0-62-gf88900778d (webtiles) character file.

Game seed: 6376645496314592486

1448 cbfl8 the Chopper (level 8, -9/69 HPs)
             Began as a Minotaur Fighter on June 5, 2023.
             Was an Initiate of Makhleb.
             Killed from afar by an acid dragon (22 damage)
             ... with a splash of acid
             ... on level 5 of the Dungeon.
             The game lasted 00:04:50 (4790 turns).

cbfl8 the Chopper (Minotaur Fighter)                Turns: 4790, Time: 00:04:50

Health: -9/69      AC: 11    Str: 22    XL:     8   Next: 46%
Magic:  7/7        EV:  8    Int:  5    God:    Makhleb [......]
Gold:   245        SH:  6    Dex: 17    Spells: 7/7 levels left

rFire   . . .      SeeInvis .   a - +0 war axe
rCold   . . .      Faith    .   c - +0 buckler
rNeg    . . .      Spirit   .   h - +0 chain mail
rPois   .          Reflect  .   (helmet restricted)
rElec   .          Harm     .   e - +0 cloak
rCorr   .          Rampage  .   (no gloves)
Will    .....                   (no boots)
Stlth   ..........              (no amulet)
HPRegen 0.21/turn               f - +6 ring of dexterity
MPRegen 0.10/turn               (no ring)

@: no status effects
A: horns 2, retaliatory headbutt
a: Renounce Religion


You were on level 5 of the Dungeon.
You worshipped Makhleb.
Makhleb was noncommittal.
You visited 2 branches of the dungeon, and saw 7 of its levels.

You collected 245 gold pieces.

Inventory:

Hand Weapons
 a - a +0 war axe (weapon)
Armour
 c - a +0 buckler (worn)
 e - a +0 cloak (worn)
 h - a +0 chain mail (worn)
Jewellery
 f - a +6 ring of dexterity (left hand)
Wands
 b - a wand of polymorph (3)
 d - a wand of charming (1)
 m - a wand of flame (28) (quivered)
Scrolls
 l - a scroll of blinking
 n - a scroll of immolation {unknown}
Potions
 g - 2 potions of curing
 i - a potion of heal wounds {unknown}
 j - a potion of attraction
 k - a potion of degeneration {unknown}


   Skills:
 + Level 5.6 Fighting
 + Level 7.7 Axes
 + Level 6.7 Armour
 + Level 1.5 Dodging
 + Level 5.1 Shields
 + Level 1.1 Unarmed Combat
 * Level 4.1 Evocations


You had 7 spell levels left.
You didn't know any spells.
Your spell library contained the following spells:

 Spells                   Type           Power      Damage    Failure   Level
 Animate Skeleton         Necr           0%         N/A       99%         1
 Magic Dart               Conj           0%         1d3       99%         1
 Pain                     Necr           0%         1d4       99%         1
 Call Imp                 Summ           0%         N/A       100%        2
 Mephitic Cloud           Conj/Pois/Air  0%         N/A       100%        3
 Vampiric Draining        Necr           0%         2d6       100%        3


Dungeon Overview and Level Annotations

Branches:
Dungeon (6/15)             Temple (1/1) D:4

Altars:
Ashenzari
Dithmenos
Elyvilon
Fedhas
Gozag
Hepliaklqana
Kikubaaqudgha
Makhleb
Okawaru
Qazlal
Sif Muna
Trog
Uskayaw
Vehumet
Wu Jian
Xom
Yredelemnul
Zin
The Shining One

Portals:
Abyss: D:5


Innate Abilities, Weirdness & Mutations

You have a pair of horns on your head.
You reflexively headbutt those who attack you in melee.


Message History

You closely miss the scorpion.
You feel very sick. You block the scorpion's attack.
You slash the scorpion! You headbutt the scorpion.
You kill the scorpion!
Makhleb accepts your kill.
You feel sick. The acid dragon bites you. The acid dragon claws you.
You hit the acid dragon.
The acid dragon is lightly wounded.
You feel sick. The acid dragon bites you!
The acid dragon claws you but does no damage.
You hit the acid dragon. You headbutt the acid dragon.
The acid dragon is heavily wounded.
You feel sick. The acid dragon bites you. The acid dragon claws you.
You barely miss the acid dragon.
The acid dragon is heavily wounded.
You feel sick. The acid dragon bites you.
The acid dragon claws you but does no damage.
You barely miss the acid dragon.
The acid dragon is heavily wounded.
You feel sick. The acid dragon barely misses you. The acid dragon claws you.
You closely miss the acid dragon. You headbutt the acid dragon.
The acid dragon is heavily wounded.
You feel sick. The acid dragon bites you.
* * * LOW HITPOINT WARNING * * *
The acid dragon claws you but does no damage.
You barely miss the acid dragon.
The acid dragon is heavily wounded.
You feel sick.
You are no longer poisoned.
You block the acid dragon's attack. The acid dragon claws you.
* * * LOW HITPOINT WARNING * * *
Aiming: Throw Flame
Press: ? - help, Q - select action, (/) - cycle Shift-Dir - straight line, f - acid dragon
Aim: an acid dragon (heavily wounded, 71% to hit)
The puff of flame hits the acid dragon.
The acid dragon is heavily wounded.
The acid dragon spits acid at you. The splash of acid hits you!!
You die...

.##..# #
....... #.
.#
.##..... .
.#
###.......
.#.# #
#.......
...
##......
#.! #.#
#D# #@#
#.# #.#
#######)#
##
#.....>.#
>.
#.#######
## .# .#


You could see an acid dragon (catching breath).

Vanquished Creatures
  Grinder (D:3)
  A water moccasin (D:6)
  2 black bears
  A necrophage (D:4)
  2 ogres
  A phantom (D:6)
  2 scorpions (D:5)
  5 wights (D:5)
  A howler monkey (D:5)
  A centaur skeleton (D:5)
  A gnoll shaman (D:6)
  A hound (D:5)
  A jelly (D:4)
  A hound skeleton (D:5)
  5 gnolls (D:6)
  3 adders
  An ufetubus (D:6)
  3 worms
  A dart slug (D:4)
  5 orcs
  6 ball pythons
  2 endoplasms (D:4)
  A giant cockroach (D:1)
  6 goblins
  4 hobgoblins
  4 quokkas
  5 bats
  5 frilled lizards
  4 kobolds
  4 rats
80 creatures vanquished.

Notes
Turn   | Place    | Note
-------+----------+-------------------------------------------
     0 | D:1      | cbfl8 the Minotaur Fighter began the quest for the Orb.
     0 | D:1      | Reached XP level 1. HP: 19/19 MP: 0/0
   104 | D:1      | Reached XP level 2. HP: 27/27 MP: 1/1
   517 | D:2      | Reached XP level 3. HP: 33/33 MP: 2/2
   860 | D:2      | Found a blossoming altar of Fedhas.
   917 | D:2      | Found a faded altar of an unknown god.
  1171 | D:3      | Noticed Grinder
  1186 | D:3      | Killed Grinder
  1187 | D:3      | Reached skill level 4 in Axes
  1187 | D:3      | Reached skill level 1 in Evocations
  1187 | D:3      | Reached XP level 4. HP: 30/41 MP: 3/3
  1187 | D:3      | Reached XP level 5. HP: 34/47 MP: 4/4
  1982 | D:4      | Noticed a necrophage
  1984 | D:4      | Noticed a black bear
  1988 | D:4      | Killed a black bear
  1989 | D:4      | Reached XP level 6. HP: 53/53 MP: 5/5
  1992 | D:4      | Reached skill level 5 in Axes
  1992 | D:4      | Reached skill level 5 in Armour
  1992 | D:4      | Reached skill level 1 in Unarmed Combat
  2048 | D:4      | Identified the +6 hand axe of the Crypt {vorpal, rC+ Str+2
                  | Int-3}
  2317 | D:4      | Reached XP level 7. HP: 23/60 MP: 6/6
  2734 | D:4      | Found a staircase to the Ecumenical Temple.
  2755 | Temple   | Entered the Ecumenical Temple
  3033 | Temple   | Became a worshipper of Makhleb the Destroyer
  3511 | D:5      | Entered Level 5 of the Dungeon
  3558 | D:5      | Reached skill level 5 in Fighting
  3558 | D:5      | Reached skill level 1 in Dodging
  3564 | D:5      | Reached skill level 6 in Axes
  4016 | D:5      | Found a one-way gate to the infinite horrors of the Abyss.
  4119 | D:5      | Noticed a two-headed ogre
  4209 | D:6      | Reached XP level 8. HP: 63/68 MP: 7/7
  4305 | D:6      | Reached skill level 7 in Axes
  4352 | D:6      | Reached skill level 5 in Shields
  4638 | D:6      | Found a stormy altar of Qazlal.
  4790 | D:5      | Killed from afar by an acid dragon

Illustrated notes

Levels and vault maps discovered:
D:1:      dpeg_arrival_rhombus, layout_rooms
D:2:      layout_loops_cross, ebering_ecumenical_altar_rust, basic_altar
D:3:      layout_loops_ring, grunt_ministairs_5, nicolae_elevator_lobby_plus,
          uniq_grinder
D:4:      layout_gridville, minmay_temple_entry_sparse_star,
          columned_hall_lemuel
D:5:      due_chaos_kobolds, layout_loops_cross, serial_glass, glass_columns_b,
          glass_columns_a, minmay_manual_monstrance
D:6:      layout_loops_ring, overflow_temple_1_default,
          biasface_ghost_orc_armoury, grunt_ministairs_11, kennysheep_diamond,
          minmay_misc_feat_encased, minmay_between
Temple:   mainiacjoe_temple_big_plus

Skill      XL: |  1  2  3  4  5  6  7  8 |
---------------+-------------------------+-----
Armour         | 4 5 6 |  6.7
Fighting       | 4 5 |  5.6
Shields        | 4 5 |  5.1
Axes           | 4 5 6 7 |  7.7
Evocations     | 1 2 3 4 |  4.1
Unarmed Combat | 1 |  1.1
Dodging        | 1 |  1.5

Action                   |  1- 3 |  4- 6 |  7- 9 || total
-------------------------+-------+-------+-------++-------
Melee: War axe           |    48 |    38 |   102 ||   188
       Headbutt          |    10 |     4 |    28 ||    42
       Unarmed           |     7 |       |       ||     7
Evoke: Wand              |       |       |     1 ||     1
  Use: Scroll            |     2 |       |     3 ||     5
       Potion            |     1 |     6 |       ||     7
Armor: Scale mail        |     4 |       |       ||     4
       Chain mail        |    16 |    15 |    47 ||    78
Dodge: Dodged            |    18 |    15 |    39 ||    72
Block: Buckler           |    15 |     6 |    30 ||    51
